 Dungeon Crawl Stone Soup version 0.29-a0-296-gda187f2e07 (webtiles) character file.

Game seed: 6382236167933715059

27062 Astera the Nimble (level 13, -2/126 HPs)
             Began as a Tengu Berserker on Mar 6, 2022.
             Was a High Priest of Trog.
             Slain by an orc warrior
             ... wielding a +0 trident
              (12 damage)
             ... on level 2 of the Orcish Mines on Mar 19, 2022.
             The game lasted 01:50:19 (15628 turns).

Astera the Nimble (Tengu Berserker)                Turns: 15628, Time: 01:50:19

Health: -2/126     AC: 10    Str: 20    XL:     13   Next: 30%
Magic:  15/15      EV: 27    Int:  8    God:    Trog [*****.]
Gold:   510        SH:  8    Dex: 30    Spells: 13/13 levels left

rFire   + + .      SeeInvis .   f - +6 rapier of Dust {spect, *Corrode +Blink rElec rC+++}
rCold   + + +      Faith    .   V - +1 buckler {rC+ rF+}
rNeg    . . .      Spirit   .   n - +1 ring mail {Will+}
rPois   .          Reflect  .   (helmet restricted)
rElec   +          Harm     .   (no cloak)
rCorr   .          Rampage  .   S - +0 pair of gloves {Dex+3}
Will    +++++      NoCast   +   (boots unavailable)
Stlth   ..........              j - amulet of Useibil {-Cast rElec rC- Regen+ Dex+5}
HPRegen 2.11/turn               P - ring "Akhesch" {rF+ Will+++}
MPRegen 0.14/turn               y - +6 ring of dexterity

@: berserking (expiring), strong-willed, flying quickly and evasively,
regenerating, very quick
A: beak, talons 3, nimble flight
a: Renounce Religion, Evoke Blink, Berserk, Trog's Hand, Brothers in Arms


You were on level 2 of the Orcish Mines.
You worshipped Trog.
Trog was extremely pleased with you.
You visited 3 branches of the dungeon, and saw 15 of its levels.
You also visited: Bailey.

You collected 1333 gold pieces.
You spent 823 gold pieces at shops.

Inventory:

Hand Weapons
 f - the +6 rapier of Dust (weapon) {spect, *Corrode +Blink rElec rC+++}
   (You took it off a kobold brigand in a bailey)

   When its wielder attacks, the weapon's spirit leaps out and strikes again.
   The spirit shares a part of any damage it takes with its wielder.
   rC:        It renders you almost immune to cold.
   rElec:     It insulates you from electricity.
   +Blink:    It lets you blink.
   *Corrode:  It may corrode you when you take damage.
Missiles
 c - 27 poisoned darts
 g - 6 javelins
 s - 234 stones (quivered)
 t - 13 atropa-tipped darts
 D - 23 boomerangs
 O - 7 curare-tipped darts
Armour
 n - a +1 ring mail of willpower (worn)
 S - a +0 pair of gloves of dexterity (worn)
 V - a +1 buckler of resistance (worn)
Jewellery
 j - the amulet of Useibil (around neck) {-Cast rElec rC- Regen+ Dex+5}
   (You found it on level 2 of the Dungeon)

   [amulet of regeneration]

   Dex:       It affects your dexterity (+5).
   rC:        It makes you vulnerable to cold.
   rElec:     It insulates you from electricity.
   -Cast:     It prevents spellcasting.
   Regen:     It increases your rate of health regeneration.
 o - a ring of see invisible
 y - a +6 ring of dexterity (right hand)
 G - a ring of protection from cold
 P - the ring "Akhesch" (left hand) {rF+ Will+++}
   (You took it off a centaur warrior on level 9 of the Dungeon)

   [ring of protection from fire]

   rF:        It protects you from fire.
   Will:      It greatly increases your willpower.
 Q - a ring of protection from fire
Wands
 a - a wand of digging (2)
 e - a wand of charming (6)
 m - a wand of acid (9)
 v - a wand of mindburst (4)
 H - a wand of iceblast (9)
 J - a wand of polymorph (14)
 L - a wand of flame (7)
Scrolls
 b - 3 scrolls of blinking
 h - 3 scrolls of summoning
 l - 6 scrolls of teleportation
 r - a scroll of fear
 u - 3 scrolls of silence
 B - 2 scrolls of immolation
 I - a scroll of fog
 K - 2 scrolls of brand weapon
 T - a scroll of magic mapping
 U - a scroll of enchant weapon
Potions
 d - 2 potions of might
 q - a potion of heal wounds
 x - a potion of mutation
 z - a potion of cancellation
 C - a potion of berserk rage
 E - 2 potions of curing
 F - 3 potions of haste
 M - a potion of lignification
 W - a potion of ambrosia
 X - a potion of resistance {unknown}
Miscellaneous
 k - a phantom mirror


   Skills:
 + Level 10.9 Fighting
 + Level 4.6(8.3) Short Blades
 - Level 10.9(11.3) Long Blades
 - Level 4.0 Throwing
 - Level 11.0 Armour
 + Level 11.5 Dodging
 - Level 5.0 Stealth
 - Level 4.0 Shields
 - Level 0.8 Spellcasting
 - Level 5.0 Evocations


You had 13 spell levels left.
You didn't know any spells.
Your spell library contained the following spells:

 Spells                   Type           Power      Damage    Failure   Level
 Magic Dart               Conj           0%         1d3       63%         1
 Sandblast                Erth           0%         2d4       63%         1
 Passwall                 Tmut/Erth      0%         N/A       77%         2
 Searing Ray              Conj           0%         2d4       77%         2
 Stone Arrow              Conj/Erth      0%         3d7       94%         3
 Fulminant Prism          Conj/Hex       0%         3d6       100%        4


Dungeon Overview and Level Annotations

Branches:
Dungeon (12/15)            Temple (1/1) D:7            Lair (0/6) D:10
    Orc (2/2) D:9          Bailey (visited)
    Elf: Orc:2

Altars:
Ashenzari
Cheibriados
Dithmenos
Elyvilon
Fedhas
Gozag
Hepliaklqana
Kikubaaqudgha
Makhleb
Nemelex Xobeh
Okawaru
Qazlal
Ru
Sif Muna
Trog
Uskayaw
Vehumet
Wu Jian
Xom
Yredelemnul
Zin
The Shining One

Shops:
D:4 ?   D:5 [=   D:9 [

Annotations:
D:10 exclusion: hydra


Innate Abilities, Weirdness & Mutations

You have a beak for a mouth.
You have claws for feet.
Your magical nature lets you fly swiftly and evasively.


Message History

Your +6 rapier of Dust {spect, *Corrode +Blink rElec rC+++} hits the orc warrior!
The orc warrior hits you with a +0 short sword!
* * * LOW HITPOINT WARNING * * *
The orc warrior barely misses you. The orc warrior completely misses you.
The hellwing swoops through the air toward you!
The hellwing completely misses you.
The hellwing hits you but does no damage.
You puncture the orc warrior!
You kill the orc warrior!
Trog accepts your kill. You block the orc warrior's attack.
You impale the orc high priest!! You claw the orc high priest.
The orc high priest is heavily wounded.
Your +6 rapier of Dust {spect, *Corrode +Blink rElec rC+++} hits the orc high priest!
The sixfirhy barely misses your +6 rapier of Dust {spect, *Corrode +Blink rElec rC+++}.
You puncture the orc high priest! You claw the orc high priest.
The orc high priest is almost dead.
Your +6 rapier of Dust {spect, *Corrode +Blink rElec rC+++} hits the orc high priest!
You kill the orc high priest!
Trog accepts your kill.
The sixfirhy disappears in a puff of smoke!
The ynoxinul disappears in a puff of smoke!
The hellwing disappears in a puff of smoke!
Something barely misses your +6 rapier of Dust {spect, *Corrode +Blink rElec rC+++}.
You block the orc priest's attack.
The orc warrior hits you from afar with a +0 trident!
* * * LOW HITPOINT WARNING * * *
You impale the orc priest!!
You kill the orc priest!
Trog accepts your kill. You block the orc warrior's attack.
The orc warrior suddenly roars.
The orc warrior misses you.
You impale something!! Trog accepts your kill.
Trog appreciates your killing of a magic user.
Reactivating autopickup.
You feel a bit more experienced.
The orc warrior hits you with a +0 trident!
You die...

.............).)..........
.............)....).......
..........$..#..........#.
..........#..##.)...#..###
......[........)....####
#########......)...##
#.$.....#.### #§..#))####
#.@o))## #).o.))# #§...).#
#.§§#)## #...)(.# ##..#)##
###))).# #.§))..#
#o#)#)..#


You could see 2 orc warriors.

Vanquished Creatures
  2 two-headed ogres
  2 centaur warriors (D:9)
  A tengu warrior (D:9)
  3 orc high priests
  A bog body (D:11)
  Pikel (D:5)
  An ugly thing (D:11)
  3 orc sorcerers (Orc:2)
  3 orc knights
  A cyclops (D:9)
  An elephant (D:10)
  An ice statue (D:11)
  A gargoyle (D:11)
  A komodo dragon (D:11)
  An unseen horror (D:10)
  A kobold demonologist (D:10)
  An anaconda simulacrum (D:11)
  An ice devil (D:11)
  2 rime drakes (D:11)
  2 trolls (D:10)
  A polar bear (D:11)
  2 hornets (D:9)
  6 slime creatures (D:9)
  A vampire (D:10)
  A wyvern (D:8)
  4 wraiths
  2 basilisks
  16 yaks
  3 steam dragons
  A harpy simulacrum (D:11)
  A warg (Orc:1)
  Duvessa (D:4)
  2 ice beasts
  28 orc warriors
  A sky beast (D:6)
  2 black bears (D:10)
  7 ogres
  5 centaurs
  A boggart (D:12)
  A wolf (D:11)
  9 kobold brigands
  2 phantoms
  6 bullfrogs
  A necrophage (D:5)
  5 scorpions
  16 wights
  A two-headed ogre simulacrum (D:11)
  Dowan (D:4)
  14 killer bees
  9 howler monkeys
  A vampire bat (D:5)
  A lava snake (D:10)
  A jelly (D:6)
  12 orc priests
  A gnoll shaman (D:7)
  8 hounds
  8 iguanas
  Ijyb (D:4)
  18 orc wizards
  2 polar bear simulacra (D:11)
  A gnoll (D:6)
  6 adders
  A naga simulacrum (D:11)
  2 white imps
  2 ufetubi (D:5)
  2 worms (D:3)
  A dart slug (D:2)
  3 fire bats (D:5)
  46 orcs
  2 spectral bats (D:5)
  6 ball pythons
  3 bat skeletons (D:5)
  A bat zombie (D:5)
  4 endoplasms
  6 giant cockroaches
  11 goblins
  2 hobgoblins (D:1)
  2 quokkas
  13 bats
  A bat simulacrum (D:5)
  2 frilled lizards (D:1)
  18 kobolds
  9 rats
377 creatures vanquished.

Vanquished Creatures (collateral kills)
  A killer bee (D:10)
1 creature vanquished.

Vanquished Creatures (others)
  An orc wizard (D:3)
1 creature vanquished.

Grand Total: 379 creatures vanquished

Notes
Turn   | Place    | Note
-------+----------+-------------------------------------------
     0 | D:1      | Astera the Tengu Berserker began the quest for the Orb.
     0 | D:1      | Reached XP level 1. HP: 14/14 MP: 2/2
   143 | D:1      | Reached XP level 2. HP: 9/19 MP: 3/3
   344 | D:1      | You fall into a shaft and drop 1 floor!
   749 | D:2      | Identified the amulet of Useibil {-Cast rElec rC- Regen+
                  | Dex+5}
   797 | D:2      | Reached XP level 3. HP: 23/23 MP: 4/4
   903 | D:2      | Found a snail-covered altar of Cheibriados.
  1035 | D:2      | Found a faded altar of an unknown god.
  1289 | D:2      | Reached ** piety under Trog
  1618 | D:3      | Upgraded the game from 0.29-a0-266-gf56f883ddd to
                  | 0.29-a0-296-gda187f2e07
  1660 | D:3      | Reached XP level 4. HP: 28/28 MP: 5/5
  1723 | D:3      | Gained mutation: Your magical nature lets you fly swiftly
                  | and evasively. [Tengu growth]
  1723 | D:3      | Reached XP level 5. HP: 33/33 MP: 6/6
  2445 | D:4      | Noticed a phantom
  2462 | D:3      | Killed a phantom
  2463 | D:3      | Reached XP level 6. HP: 38/38 MP: 7/7
  2534 | D:4      | Noticed Ijyb
  2548 | D:4      | Killed Ijyb
  2602 | D:4      | Found Nonicwan's Magic Scroll Boutique.
  2696 | D:4      | Reached skill level 5 in Long Blades
  2812 | D:4      | Reached XP level 7. HP: 44/44 MP: 8/8
  3183 | D:5      | Entered Level 5 of the Dungeon
  3213 | D:5      | Reached skill level 5 in Fighting
  3375 | D:5      | Found Ujedyc's One-of-a-Kind Rings.
  3382 | D:5      | Reached skill level 5 in Armour
  3382 | D:5      | Reached skill level 5 in Dodging
  3570 | D:5      | Reached *** piety under Trog
  3585 | D:5      | Reached XP level 8. HP: 47/49 MP: 9/9
  3645 | D:5      | Reached skill level 1 in Stealth
  3747 | D:5      | Noticed Pikel
  3853 | D:5      | Noticed Duvessa
  3855 | D:5      | Noticed Dowan
  3915 | D:4      | Killed Duvessa
  3917 | D:4      | Killed Dowan
  4190 | D:5      | Reached skill level 1 in Evocations
  4216 | D:5      | Found Pidyuski's Antique Armour Shop.
  4909 | D:6      | Reached XP level 9. HP: 51/55 MP: 10/10
  4949 | D:6      | Reached skill level 1 in Throwing
  5933 | D:7      | Reached **** piety under Trog
  5993 | D:7      | Found a staircase to the Ecumenical Temple.
  6001 | Temple   | Entered the Ecumenical Temple
  6436 | D:7      | Found a stormy altar of Qazlal.
  6975 | D:8      | Reached XP level 10. HP: 63/63 MP: 12/12
  7798 | D:9      | Found a staircase to the Orcish Mines.
  7891 | D:9      | Paralysed by a hornet for 1 turns
  8144 | D:9      | Noticed a centaur warrior
  8293 | D:9      | Found a flagged portal.
  8351 | Bailey   | Entered a bailey
  8645 | Bailey   | Identified the +6 rapier of Dust {spect, *Corrode +Blink
                  | rElec rC+++}
  8918 | Bailey   | Found an iron altar of Okawaru.
  9132 | D:9      | Reached XP level 11. HP: 68/68 MP: 13/13
  9147 | D:10     | Entered Level 10 of the Dungeon
  9261 | D:9      | Identified the ring "Akhesch" {rF+ Will+++}
  9261 | D:9      | Noticed a centaur warrior
  9267 | D:9      | Killed a centaur warrior
  9465 | D:9      | Paralysed by a hornet for 3 turns
  9594 | D:9      | Noticed a boulder beetle
  9605 | D:9      | Noticed a cyclops
  9761 | D:9      | Killed a centaur warrior
  9953 | D:9      | Noticed a tengu warrior
 10340 | D:5      | Killed Pikel
 10340 | D:5      | Reached ***** piety under Trog
 11539 | D:7      | Reached skill level 10 in Long Blades
 11627 | D:4      | Bought 3 scrolls of identify for 78 gold pieces
 11631 | D:4      | Bought a scroll of magic mapping for 45 gold pieces
 11631 | D:4      | Bought a scroll of enchant weapon for 97 gold pieces
 11631 | D:4      | Bought a scroll of brand weapon for 260 gold pieces
 11631 | D:4      | Bought a scroll of teleportation for 39 gold pieces
 11631 | D:4      | Bought a scroll of teleportation for 39 gold pieces
 11631 | D:4      | Bought a scroll of identify for 26 gold pieces
 11631 | D:4      | Bought a scroll of identify for 26 gold pieces
 11631 | D:4      | Bought a scroll of identify for 26 gold pieces
 11667 | D:5      | Bought a runed buckler for 187 gold pieces
 11783 | D:9      | Killed a cyclops
 11891 | D:9      | Found Gifug's Armour Emporium.
 11952 | D:9      | Killed a tengu warrior
 11953 | D:9      | Reached skill level 1 in Shields
 12125 | D:9      | Noticed a two-headed ogre
 12156 | D:9      | Killed a two-headed ogre
 12263 | D:10     | Reached skill level 10 in Armour
 12267 | D:10     | Reached skill level 10 in Dodging
 12311 | D:10     | Reached XP level 12. HP: 70/76 MP: 14/14
 12483 | D:10     | Noticed a two-headed ogre
 12505 | D:10     | Found a staircase to the Lair.
 12733 | D:10     | Killed a two-headed ogre
 12986 | D:10     | Noticed a six-headed hydra
 13369 | D:11     | Reached skill level 10 in Fighting
 13488 | D:11     | Reached skill level 1 in Short Blades
 13598 | D:11     | Received a gift from Trog
 14152 | D:12     | Noticed a two-headed ogre
 14160 | D:12     | Noticed a boulder beetle
 14392 | Orc:1    | Entered Level 1 of the Orcish Mines
 14577 | Orc:2    | Entered Level 2 of the Orcish Mines
 14892 | Orc:2    | Noticed an orc high priest
 14929 | Orc:2    | Noticed a soul eater
 14941 | Orc:1    | Noticed a soul eater
 14942 | Orc:1    | Killed an orc high priest
 15003 | Orc:2    | Reached XP level 13. HP: 83/83 MP: 15/15
 15533 | Orc:2    | Reached skill level 5 in Stealth
 15552 | Orc:2    | Reached skill level 5 in Evocations
 15625 | Orc:2    | HP: 6/126 [orc warrior/+0 trident (9)]
 15628 | Orc:2    | Slain by an orc warrior

Illustrated notes

Levels and vault maps discovered:
D:1:      dpeg_arrival_shrine, layout_basic, moated_statue, minmay_liquid_box
D:2:      layout_loops_ring, basic_altar, shapermc_ecumenical_altar_mp_highgroup
D:3:      layout_loops_ring
D:4:      layout_rooms, serial_shops, nicolae_take_the_stairs, uniq_ijyb
D:5:      layout_gridville, serial_shops, shop, nicolae_shop_unique_rings,
          goddamned_bats, uniq_duvessa, uniq_pikel
D:6:      layout_layer_cave, grunt_tough_drop
D:7:      layout_gridville, mainiacjoe_overflow_surrounded_room,
          minmay_temple_entry_trees, dreamdust_gnoll_shepherd
D:8:      layout_basic
D:9:      minmay_the_grid_triangle_9x9_rhombus_thin
          [minmay_the_grid_triangle_9x9_zippers_horizontal,
          minmay_the_grid_triangle_9x9_prize_center,
          minmay_the_grid_triangle_9x9_stretched_checkered,
          minmay_the_grid_triangle_9x9_impossible_snake], layout_loops_corners,
          serial_shops, shop, enter_bailey_5, kennysheep_diamond
D:10:     layout_irregular_city, david_lair_generic,
          kennysheep_opposing_triangles
D:11:     dreamdust_isle_of_ice, layout_basic
D:12:     gammafunk_mikee_crab_dinner, layout_basic, serial_aquarium,
          aquarium_bridge_long_separate [aquarium_subvault_wall,
          aquarium_subvault_bridge, aquarium_subvault_wall,
          aquarium_subvault_window, aquarium_subvault_bridge,
          aquarium_subvault_window], aquarium_window_2, aquarium_window_1,
          aquarium_window_corner, aquarium_window_corner, aquarium_view_2a,
          aquarium_view_2c, aquarium_balcony_double_4, aquarium_pool_2
Temple:   dpeg_three_leaves_temple
Orc:1:    layout_caves
Orc:2:    st_orc_congregation, layout_caves

Skill      XL: |  1  2  3  4  5  6  7  8  9 10 11 12 13 |
---------------+----------------------------------------+-----
Dodging        | 3 4 5 6 7 8 10 11 | 11.5
Armour         | 3 4 5 6 7 8 10 11 | 11.0
Long Blades    | 4 5 6 7 9 10 | 10.9
Fighting       | 4 5 6 7 8 9 10 | 10.9
Stealth        | 2 3 4 5 |  5.0
Evocations     | 1 2 3 4 5 |  5.0
Throwing       | 2 3 4 |  4.0
Shields        | 2 4 |  4.0
Short Blades   | 3 4 |  4.6
Spellcasting   | |  0.8

Action                   |  1- 3 |  4- 6 |  7- 9 | 10-12 | 13-15 || total
-------------------------+-------+-------+-------+-------+-------++-------
Melee: Falchion          |    72 |    84 |   133 |    82 |       ||   371
       Peck              |     8 |    14 |    61 |   114 |    22 ||   219
       Kick              |    12 |    19 |   114 |   199 |    40 ||   384
       Punch             |     2 |     1 |     9 |     4 |       ||    16
       Short sword       |       |       |   160 |    58 |       ||   218
       Rapier            |       |       |       |   318 |   105 ||   423
Throw: Dart              |     7 |     2 |    18 |    85 |    15 ||   127
       Boomerang         |       |       |    10 |     1 |       ||    11
       Stone             |       |       |    37 |    83 |       ||   120
Invok: Berserk           |       |     2 |     2 |     6 |     1 ||    11
       Trog's Hand       |       |     1 |     2 |     3 |     1 ||     7
       Brothers in Arms  |       |       |       |     1 |       ||     1
 Abil: Evoke Blink       |       |       |       |       |     1 ||     1
  Use: Scroll            |       |       |    11 |    11 |       ||    22
       Potion            |       |       |       |     2 |       ||     2
 Stab: Sleeping          |     1 |       |     3 |     2 |       ||     6
       Distracted        |       |       |       |     8 |     3 ||    11
Armor: Animal skin       |     4 |       |       |       |       ||     4
       Ring mail         |     8 |     9 |    74 |    53 |    11 ||   155
Dodge: Dodged            |    39 |    57 |   302 |   361 |    56 ||   815
Block: Buckler           |       |       |       |    76 |    30 ||   106

Table legend: (Time is in decaauts)
 A = Elapsed time spent in this place.
 B = Non-inter-level travel time spent in this place.
 C = Inter-level travel time spent in this place.
 D = Time resting spent in this place.
 E = Time spent auto-exploring this place.
 F = Levels seen in this place.
 G = Mean time per level.
                   A        B        C        D        E       F      G
               +--------+--------+--------+--------+--------+-----+--------+
         Total |  14601 |  13233 |   1368 |    742 |   4836 |  16 |  912.6 |
       Dungeon |  13083 |  11748 |   1335 |    555 |   4754 |  12 | 1090.2 |
        Temple |     77 |     77 |      0 |      0 |     49 |   1 |   77.0 |
  Orcish Mines |    840 |    808 |     32 |     23 |     15 |   2 |  420.0 |
        Bailey |    600 |    600 |      0 |    163 |     17 |   1 |  600.0 |
               +--------+--------+--------+--------+--------+-----+--------+

Top non-repeatable levels by time:
     D:9: 2234 daAuts
     D:6: 2121 daAuts
     D:5: 1381 daAuts
     D:7: 1107 daAuts
    D:11: 1032 daAuts
     D:4: 912 daAuts
     D:3: 889 daAuts
     D:8: 882 daAuts
     D:2: 875 daAuts
    D:10: 875 daAuts
     D:1: 734 daAuts
  Bailey: 600 daAuts
   Orc:2: 558 daAuts
   Orc:1: 282 daAuts
  Temple: 77 daAuts
